 Dungeon Crawl Stone Soup version 0.23-a0-269-g65e0026 (webtiles) character file.

182 CcS the Slasher (level 5, -1/38 HPs)
             Began as a Demonspawn Gladiator on Sept 30, 2018.
             Killed by divine providence
             ... invoked by an orc priest
              (9 damage)
             ... on level 3 of the Dungeon.
             The game lasted 00:03:38 (2668 turns).

CcS the Slasher (Demonspawn Gladiator)              Turns: 2668, Time: 00:03:39

Health: -1/38      AC: 11    Str: 14 (16) XL:     5   Next: 34%
Magic:  5/5        EV: 12    Int:  6 (9)  God:
Gold:   170        SH:  0    Dex: 13 (14) Spells: 4/4 levels left

rFire    . . .     SeeInvis .   a - +0 long sword
rCold    . . .     Gourm    .   (no shield)
rNeg     . . .     Faith    .   b - +0 leather armour
rPois    .         Spirit   .   c - +0 helmet
rElec    .         Reflect  .   e - +0 cloak
rCorr    .         Harm     .   (no gloves)
MR       .....                  (no boots)
Stlth    +.........             (no amulet)
HPRegen  0.12/turn              (no ring)
MPRegen  0.09/turn              (no ring)

@: sanguine armour
A: claws 1, rot immunity, sanguine armour 1
a: no special abilities


You were on level 3 of the Dungeon.
You were not hungry.

You visited 1 branch of the dungeon, and saw 4 of its levels.

You collected 170 gold pieces.

Inventory:

Hand Weapons
 a - a +0 long sword (weapon)
Armour
 b - a +0 leather armour (worn)
 c - a +0 helmet (worn)
 e - a +0 cloak (worn)
 t - a +0 scale mail
Jewellery
 k - an uncursed ring of see invisible {unknown}
 n - an uncursed ring of positive energy {unknown}
Scrolls
 g - 2 scrolls of immolation {unknown}
 h - a scroll of amnesia {unknown}
 i - 5 scrolls of identify {unknown}
 j - a scroll of enchant armour {unknown}
 l - 5 scrolls of remove curse {unknown}
 p - a scroll of blinking {unknown}
 q - a scroll of enchant weapon {unknown}
 r - 4 scrolls of teleportation {unknown}
Potions
 s - 2 potions of degeneration
Comestibles
 f - a ration


   Skills:
 + Level 2.2 Fighting
 + Level 5.4 Long Blades
 - Level 1.7 Throwing
 - Level 2.6 Dodging


You had 4 spell levels left.
You didn't know any spells.
Your spell library was empty.

Dungeon Overview and Level Annotations

Branches:
Dungeon (4/15)
 Temple: D:4-7

Altars:
Trog
Zin

Annotations:
D:4 Purgy


Innate Abilities, Weirdness & Mutations

You have sharp fingernails.
You are immune to rotting.
When seriously injured, your bleeding wounds create armour. (AC +6)


Message History

You are too injured to fight recklessly!
You are too injured to fight recklessly!
You barely miss the orc priest. The orc priest misses you.
You hit the orc priest.
The orc priest hits you with a hand axe.
* * * LOW HITPOINT WARNING * * *
You closely miss the orc priest. The orc priest closely misses you.
You closely miss the orc priest.
The orc priest hits you but does no damage.
You barely miss the orc priest. The orc priest closely misses you.
You closely miss the orc priest.
The orc priest hits you but does no damage.
You hit the orc priest but do no damage.
The orc priest closely misses you.
You riposte.
You closely miss the orc priest.
You aren't carrying any items that you can evoke.
It was a potion of cancellation.
You feel magically purged.
The orc priest mumbles some strange prayers to Beogh against you.
Beogh smites you!
You die...

#### #..........# ...#
#).........# ...#
#..........############ ...#
##....................# ####
#..........#..........# #
#.........<#..........# ####
##......)...#..รท>....(.#
.>.######.......)).[############
##..............@.<.#
########........o..## #
###..###......## #####.<..#
##[.#### ###### ........##
#....####....# ####...####
#)##....#....#
####......###.#####......#
##....###........####....#
.(....# #####.##.###.....#


You could see an orc priest.

Vanquished Creatures
  A crimson imp (D:4)
  A hound (D:3)
  A worker ant (D:4)
  4 adders
  2 worms (D:2)
  2 leopard geckos
  5 orcs (D:3)
  A giant cockroach (D:1)
  4 goblins
  4 hobgoblins
  8 jackals
  6 kobolds
  A quokka (D:3)
  A ball python (D:3)
  3 bats
  3 rats (D:1)
47 creatures vanquished.

Notes
Turn   | Place    | Note
-------+----------+-------------------------------------------
     0 | D:1      | CcS the Demonspawn Gladiator began the quest for the Orb.
     0 | D:1      | Reached XP level 1. HP: 16/16 MP: 1/1
   140 | D:1      | Reached skill level 3 in Long Blades
   213 | D:1      | Gained mutation: When seriously injured, your bleeding
                  | wounds create armour. (AC +6) [demonic ancestry]
   213 | D:1      | Reached XP level 2. HP: 16/22 MP: 2/2
   809 | D:2      | Found a glowing silver altar of Zin.
   893 | D:2      | Gained mutation: You have sharp fingernails. [demonic
                  | ancestry]
   893 | D:2      | Reached XP level 3. HP: 12/27 MP: 3/3
  1113 | D:2      | Reached skill level 4 in Long Blades
  1379 | D:3      | Found a bloodstained altar of Trog.
  1476 | D:3      | Reached XP level 4. HP: 22/33 MP: 4/4
  2174 | D:4      | Reached skill level 5 in Long Blades
  2272 | D:4      | Gained mutation: You are immune to rotting. [demonic
                  | ancestry]
  2272 | D:4      | Reached XP level 5. HP: 36/38 MP: 5/5
  2378 | D:4      | Noticed Purgy
  2668 | D:3      | Killed from afar by an orc priest

Vault maps used:
D:1:      dpeg_arrival_round_c
D:2:      lemuel_crystal_altar
D:3:      minmay_misc_feat_diagonals, trog_three_pillars_becter
D:4:      serial_shops, shop, first_ration, uniq_purgy

Skill      XL: |  1  2  3  4 |
---------------+-------------+-----
Long Blades    | 3 4 5 |  5.4
Fighting       | |  2.2
Throwing       | |  1.7
Dodging        | |  2.6

Action                   |  1- 3 |  4- 6 || total
-------------------------+-------+-------++-------
Melee: Long sword        |   111 |    77 ||   188
Throw: Throwing net      |       |     4 ||     4
  Use: Potion            |     1 |     3 ||     4
 Stab: Held in net/web   |       |     1 ||     1
  Eat: Chunk             |     2 |     3 ||     5
       Ration            |       |     1 ||     1
Armor: Leather armour    |    40 |    43 ||    83
Dodge: Dodged            |    80 |    75 ||   155
       Rpst.: Long sword |    33 |    19 ||    52

Table legend:
 A = Non-vault XP
 B = Vault XP
 C = Vault XP percentage of total XP
 D = Non-vault monster count
 E = Vault monster count
 F = Vault count percentage of total count
                 A         B        C        D         E       F
            +---------+---------+-------+---------+---------+-------
      Total |     260 |       0 |   0.0 |      47 |       0 |   0.0
            +---------+---------+-------+---------+---------+-------
        D:1 |      29 |       0 |   0.0 |      17 |       0 |   0.0
        D:2 |      31 |       0 |   0.0 |       6 |       0 |   0.0
        D:3 |     119 |       0 |   0.0 |      22 |       0 |   0.0
        D:4 |      81 |       0 |   0.0 |       2 |       0 |   0.0
            +---------+---------+-------+---------+---------+-------
